 Dungeon Crawl Stone Soup version 0.30.1-9-gdf580d7c3d (webtiles) character file.

Game seed: 13350192184889625296

35593 monsoonserge the Geomancer (level 13, -7/78 HPs)
             Began as a Gargoyle Earth Elementalist on Oct 5, 2023.
             Was an Elder of Vehumet.
             Mangled by an elephant (13 damage)
             ... on level 3 of the Lair of Beasts on Oct 6, 2023.
             The game lasted 01:26:50 (15422 turns).

monsoonserge the Geomancer (GrEE)                  Turns: 15422, Time: 01:26:51

Health: -7/78      AC: 21    Str: 17    XL:     13   Next: 84%
Magic:  17/22      EV: 14    Int: 24    God:    Vehumet [****..]
Gold:   412        SH:  0    Dex: 10    Spells: 8/25 levels left

rFire   + . .        b - +4 dire flail of Superiority {freeze, rF+ rCorr Int+2}
rCold   . . .        (shield currently unavailable)
rNeg    + . .        L - +0 acid dragon scales
rPois   ∞            N - +2 hat
rElec   +            T - +0 cloak
rCorr   +            (no gloves)
SInv    +            (no boots)
Will    .....        y - amulet of magic regeneration
Stlth   ++           o - +6 ring of strength
HPRegen 0.33/turn    n - ring of see invisible
MPRegen 0.58/turn

%: random rage (3%)
@: on berserk cooldown, slowed, very slow
A: sickness immunity, AC +9, negative energy resistance 1, electricity
resistance, torment resistance 1, petrification resistance, berserk 1
a: Renounce Religion


You were on level 3 of the Lair of Beasts.
You worshipped Vehumet.
Vehumet was greatly pleased with you.
You visited 3 branches of the dungeon, and saw 16 of its levels.
You also visited: Sewer.

You collected 1008 gold pieces.
You spent 596 gold pieces at shops.

Inventory:

Hand Weapons
 b - the +4 dire flail of Superiority (weapon) {freeze, rF+ rCorr Int+2}
   (You found it on level 2 of the Lair of Beasts)

   Int:       It affects your intelligence (+2).
   rF:        It protects you from fire.
   rCorr:     It protects you from acid and corrosion.
 M - the +8 sling "Myre" {flame, rC- rCorr Dex+4 Stlth+}
   (You took it off a kobold on level 9 of the Dungeon)

   Dex:       It affects your dexterity (+4).
   rC:        It makes you vulnerable to cold.
   rCorr:     It protects you from acid and corrosion.
   Stlth:     It makes you more stealthy.
 Y - the +5 great mace "Ucwasit" {holy, rPois rCorr}
   (You bought it in a shop on level 4 of the Dungeon)

   rPois:     It protects you from poison.
   rCorr:     It protects you from acid and corrosion.
Missiles
 r - 85 poisoned darts (quivered)
 H - 3 curare-tipped darts
 W - 6 datura-tipped darts
 X - 7 silver javelins
 Z - 10 javelins
Armour
 u - a +0 troll leather armour {Pargi}
 z - a +0 buckler
 L - +0 acid dragon scales (worn)
 N - a +2 hat (worn)
 T - a +0 cloak (worn)
Magical Staves
 a - the staff of earth "Aduits Zecsi" {Stlth+}
   (You found it on level 10 of the Dungeon)

   [staff of earth]

   Base accuracy: +5 Base damage: 5 Base attack delay: 1.2 This weapon's minimum
   attack delay (0.6) is reached at skill level 12.
   Stlth:     It makes you more stealthy.
   It falls into the 'Staves' category.
   It is a one-handed weapon.
Jewellery
 n - a ring of see invisible (right hand)
 o - a +6 ring of strength (left hand)
 x - a ring of protection from fire
 y - an amulet of magic regeneration (around neck)
 B - a +4 ring of protection
 E - a ring of positive energy
 G - a +6 ring of dexterity
Wands
 d - a wand of roots (4)
 p - a wand of flame (24)
 w - a wand of quicksilver (13)
 J - a wand of polymorph (16)
Scrolls
 c - 7 scrolls of magic mapping
 f - 3 scrolls of fog
 g - 5 scrolls of teleportation
 j - 6 scrolls of amnesia {unknown}
 k - 4 scrolls of fear
 l - 3 scrolls of butterflies
 m - a scroll of silence
 q - 2 scrolls of poison
 v - 4 scrolls of blinking
 C - 4 scrolls of torment
 I - a scroll of enchant armour
 R - 3 scrolls of immolation
Potions
 e - 3 potions of lignification
 h - a potion of resistance
 i - 2 potions of cancellation
 s - 6 potions of might
 t - 7 potions of haste
 A - 8 potions of curing {unknown}
 D - 2 potions of flight
 F - 4 potions of mutation
 K - a potion of brilliance
 O - a potion of heal wounds
 P - 4 potions of attraction
 Q - a potion of berserk rage
 S - a potion of magic
Miscellaneous
 V - a box of beasts (inert)


   Skills:
 + Level 7.9 Fighting
 + Level 8.0(8.1) Maces & Flails
 + Level 1.5(5.2) Staves
 + Level 2.3 Throwing
 + Level 8.3 Armour
 + Level 8.1 Dodging
 + Level 4.0 Stealth
 + Level 6.5 Spellcasting
 * Level 9.1 Conjurations
 * Level 2.6 Hexes
 - Level 1.0 Transmutations
 * Level 2.1 Ice Magic
 - Level 13.0 Earth Magic
 + Level 5.2 Evocations


You had 8 spell levels left.
You knew the following spells:

 Your Spells              Type           Power      Damage    Failure   Level
a - Sandblast             Erth           100%       2d20      1%          1
b - Stone Arrow           Conj/Erth      100%       3d13      1%          3
c - Petrify               Tmut/Erth      41%        N/A       5%          4
d - Hailstorm             Conj/Ice       34%        3d9       1%          3
e - Passwall              Tmut/Erth      34%        N/A       1%          2
f - Fulminant Prism       Conj/Hex       18%        3d11      2%          4

Your spell library contained the following spells:

 Spells                   Type           Power      Damage    Failure   Level
 Shock                    Conj/Air       100%       1d9       1%          1
 Ensorcelled Hibernation  Hex/Ice        38%        N/A       5%          2
 Spider Form              Tmut/Pois      10%        N/A       24%         3
 Airstrike                Air            3%         2d(1-17)  24%         4
 Gell's Gravitas          Tloc           7%         N/A       28%         3
 Swiftness                Air            7%         N/A       28%         3
 Teleport Other           Tloc           7%         N/A       28%         3
 Anguish                  Hex/Necr       7%         N/A       50%         4
 Summon Lightning Spire   Summ/Air       7%         N/A       67%         4
 Dispersal                Tloc           3%         N/A       100%        6
 Storm Form               Tmut/Air       5%         N/A       100%        7
 Maxwell's Capacitive Co  Air            3%         ∞         100%        8


Dungeon Overview and Level Annotations

Branches:
Dungeon (12/15)            Temple (1/1) D:4            Lair (3/5) D:9
 Spider (0/4) Lair:3          Orc (0/2) D:10          Sewer (visited)
  Swamp: Lair:2-3    Shoals: Lair:2-3

Altars:
Ashenzari
Cheibriados
Dithmenos
Elyvilon
Fedhas
Gozag
Hepliaklqana
Kikubaaqudgha
Makhleb
Nemelex Xobeh
Okawaru
Qazlal
Ru
Sif Muna
Trog
Uskayaw
Vehumet
Wu Jian
Xom
Yredelemnul
Zin
The Shining One
Jiyva

Shops:
D:3 !   D:4 ((?[   D:10 *

Portals:
Abyss: D:5

Annotations:
D:8 3 runed translucent doors, ChiefBigBeans's ghost, novice DsFi; Jingleheimer's ghost, novice HOGl; fitz's ghost, novice HOFi; laqueoix's ghost, journeyman DECj; lonewolfV2's ghost, novice FoFi
D:10 3 runed translucent doors, Ironcache's ghost, journeyman TrMo; Psyclone's ghost, journeyman OpVM; ShellytheWitch's ghost, novice MiFi
D:12 3 runed translucent doors, Roubeug's ghost, journeyman FeBe


Innate Abilities, Weirdness & Mutations

You are immune to sickness and miasma.
Your stone body is resilient. (AC +9)
You are immune to poison.
You resist negative energy. (rN+)
You are resistant to electric shocks. (rElec)
You are resistant to unholy torment.
You are immune to petrification.
You sometimes lose your temper in combat.


Message History

The elephant trunk-slaps you but does no damage.
Press: ? - help, v - describe, . - travel, g - get item
Here: an elephant (lightly wounded) Item here: 8 stones.
The floor.
You bludgeon the elephant!! You freeze the elephant.
The elephant is almost dead.
You sock the elephant! You freeze the elephant.
You kill the elephant!
Vehumet accepts your kill. The elephant barely misses you.
The elephant trunk-slaps you but does no damage.
The elephant barely misses you.
The elephant trunk-slaps you but does no damage.
Your Conjurations skill increases to level 9!
You puncture the elephant! You freeze the elephant.
The elephant is moderately wounded.
You puncture the elephant! You freeze the elephant.
The elephant is severely wounded.
The elephant closely misses you.
The elephant trunk-slaps you but does no damage.
The elephant tramples you!
* * * LOW HITPOINT WARNING * * *
You hold your ground!
The elephant trunk-slaps you but does no damage.
You bludgeon the elephant!! You freeze the elephant!
You kill the elephant!
Vehumet accepts your kill.
You feel your power returning.
Unknown command.
You impale the elephant!! You freeze the elephant.
The elephant is severely wounded.
The elephant completely misses you. The elephant trunk-slaps you.
* * * LOW HITPOINT WARNING * * *
You thump the elephant! You freeze the elephant.
The elephant is almost dead.
You are no longer berserk.
You are exhausted.
You feel yourself slow down. The elephant tramples you!
You die...

...........##....................
......P.....#....................
...........##....................
.................................
.................................
.................................
........................(........
......#####.P..Y†(...............
##..P.# ######@######...##.###P #
#### ### ##### #


You could see an elephant.

Vanquished Creatures
  The ghost of safid the Frost Mage, a journeyman MfIE of Vehumet (D:9)
  2 hydras
  A catoblepas (Lair:2)
  2 two-headed ogres (D:11)
  2 boulder beetles (Lair:3)
  Urug (Lair:1)
  Nergalle (D:12)
  An obsidian statue (D:11)
  Pikel (D:6)
  3 manticores (D:12)
  Joseph (D:8)
  2 black mambas
  11 elephants
  An ice statue (D:11)
  A torpor snail (Lair:2)
  6 cane toads
  5 unseen horrors
  5 komodo dragons
  A kobold demonologist (D:11)
  A rime drake (Lair:2)
  3 trolls
  The ghost of safid the Chiller, an amateur MfIE (D:5)
  4 polar bears
  6 blink frogs
  A culicivora (Lair:3)
  7 centaur simulacra
  A wraith (D:10)
  5 wyverns
  27 yaks
  A shadow (D:10)
  Grum (D:9)
  5 steam dragons
  An acid dragon (D:11)
  10 water moccasins
  Pargi (Sewer)
  7 orc warriors
  3 ice beasts
  A sky beast (D:6)
  7 black bears
  8 wolves
  2 ogres
  3 centaurs
  4 phantoms
  10 kobold brigands
  Blork the orc (D:4)
  2 small abominations (D:5)
  8 bullfrogs
  4 scorpions
  4 wights (D:8)
  2 troll zombies (D:10)
  A vampire bat (D:8)
  7 howler monkeys
  2 electric eels (D:10)
  3 hounds
  6 orc priests
  3 jellies
  Jessica (D:3)
  12 iguanas
  A sleepcap (D:5)
  5 orc wizards
  6 ogre zombies (D:10)
  12 gnolls
  8 adders
  A river rat (D:3)
  2 shadow imps
  5 white imps
  8 ufetubi
  2 worms (D:4)
  3 dart slugs
  48 orcs
  13 bats
  7 endoplasms
  3 giant cockroaches
  7 hobgoblins
  93 kobolds
  8 quokkas
  6 ball pythons
  2 frilled lizards (D:1)
  7 goblins
  2 goblin skeletons (D:10)
  2 goblin zombies (D:10)
  3 hobgoblin skeletons (D:10)
  A hobgoblin zombie (D:10)
  2 orc skeletons (D:10)
  15 orc zombies (D:10)
  7 rats
503 creatures vanquished.

Vanquished Creatures (others)
  A yak (D:10)
  A white imp (D:10)
  An ufetubus (D:10)
  An orc (D:7)
  5 fulminant prisms (Lair:3)
9 creatures vanquished.

Grand Total: 512 creatures vanquished

Notes
Turn   | Place    | Note
-------+----------+-------------------------------------------
     0 | D:1      | monsoonserge the Gargoyle Earth Elementalist began the
                  | quest for the Orb.
     0 | D:1      | Reached XP level 1. HP: 10/10 MP: 3/3
   206 | D:1      | Reached skill level 4 in Earth Magic
   206 | D:1      | Reached XP level 2. HP: 15/15 MP: 0/5
   702 | D:2      | Reached XP level 3. HP: 10/19 MP: 2/6
   752 | D:2      | Learned a level 3 spell: Stone Arrow
   788 | D:2      | Found a snail-covered altar of Cheibriados.
   814 | D:2      | Found a faded altar of an unknown god.
  1310 | D:3      | Found Kinatuone's Distillery.
  1402 | D:3      | Reached XP level 4. HP: 24/24 MP: 4/7
  1423 | D:3      | Found a snail-covered altar of Cheibriados.
  1493 | D:3      | Noticed Jessica
  1495 | D:3      | Killed Jessica
  1562 | D:3      | Found a glowing drain.
  1571 | Sewer    | Entered a sewer
  1590 | Sewer    | Noticed Pargi
  1603 | Sewer    | Killed Pargi
  1604 | Sewer    | Reached skill level 1 in Maces & Flails
  1604 | Sewer    | Reached skill level 1 in Conjurations
  1604 | Sewer    | Reached skill level 5 in Earth Magic
  1604 | Sewer    | Reached XP level 5. HP: 14/28 MP: 0/9
  1804 | D:3      | Bought a potion of heal wounds for 55 gold pieces
  1862 | D:4      | Found Cezes's Magic Scroll Shoppe.
  1871 | D:4      | Bought a scroll of fear for 48 gold pieces
  1871 | D:4      | Bought a scroll of teleportation for 36 gold pieces
  1882 | D:4      | Reached XP level 6. HP: 32/33 MP: 7/10
  1913 | D:4      | Noticed a black bear
  1918 | D:4      | Killed a black bear
  1965 | D:4      | Found Bonef's Weapon Shop.
  1968 | D:4      | Found Susedd's Antique Weapon Shop.
  2054 | D:4      | Found an ornate altar of the Wu Jian Council.
  2104 | D:4      | Found Cuoppyhi's Armour Shoppe.
  2104 | D:4      | Noticed Blork the orc
  2111 | D:4      | Killed Blork the orc
  2112 | D:4      | Reached skill level 6 in Earth Magic
  2366 | D:4      | Found a sparkling altar of Nemelex Xobeh.
  2494 | D:4      | Reached skill level 1 in Fighting
  2494 | D:4      | Reached XP level 7. HP: 38/38 MP: 9/11
  2511 | D:4      | Found a staircase to the Ecumenical Temple.
  2521 | Temple   | Entered the Ecumenical Temple
  3280 | D:3      | Reached skill level 7 in Earth Magic
  3825 | D:5      | Entered Level 5 of the Dungeon
  3976 | D:5      | Found a transporter.
  3986 | D:5      | Found a transporter.
  3992 | D:5      | Found a one-way gate to the infinite horrors of the Abyss.
  3992 | D:5      | Noticed safid's ghost (amateur MfIE)
  3998 | D:5      | Reached XP level 8. HP: 43/43 MP: 10/12
  4111 | D:5      | Reached skill level 8 in Earth Magic
  4322 | D:5      | Found a broken altar of Ashenzari.
  4456 | D:5      | Reached skill level 9 in Earth Magic
  4469 | D:5      | Noticed a yak
  4476 | D:5      | Killed a yak
  4484 | D:5      | Reached XP level 9. HP: 35/48 MP: 5/13
  4565 | D:5      | Reached skill level 10 in Earth Magic
  4853 | D:6      | Learned a level 4 spell: Petrify
  4989 | D:6      | Reached skill level 1 in Transmutations
  4989 | D:6      | Reached skill level 11 in Earth Magic
  5013 | D:6      | Noticed Pikel
  5016 | D:6      | Killed Pikel
  5017 | D:6      | Reached skill level 5 in Armour
  5451 | D:5      | Reached XP level 10. HP: 54/54 MP: 14/16
  5513 | D:5      | Found a shimmering altar of Xom.
  6255 | D:4      | Bought an ancient great mace for 345 gold pieces
  6255 | D:4      | Identified the +5 great mace "Ucwasit" {holy, rPois rCorr}
                  | (You bought it in a shop on level 4 of the Dungeon)
  6357 | D:5      | Killed safid's ghost
  6358 | D:5      | Reached skill level 5 in Maces & Flails
  6522 | D:7      | Reached skill level 12 in Earth Magic
  6963 | D:8      | Found a stormy altar of Qazlal.
  7149 | D:8      | Found a runed translucent gate.
  7150 | D:8      | Noticed fitz's ghost (novice HOFi)
  7151 | D:8      | Found a runed translucent gate.
  7151 | D:8      | Found a runed translucent gate.
  7152 | D:8      | Noticed ChiefBigBeans's ghost (novice DsFi)
  7152 | D:8      | Noticed lonewolfV2's ghost (novice FoFi)
  7152 | D:8      | Noticed Jingleheimer's ghost (novice HOGl)
  7152 | D:8      | Noticed laqueoix's ghost (journeyman DECj)
  7269 | D:8      | Reached skill level 5 in Conjurations
  7361 | D:8      | Found a glowing golden altar of the Shining One.
  7455 | D:8      | Noticed Joseph
  7465 | D:8      | Killed Joseph
  7671 | D:8      | Reached XP level 11. HP: 58/60 MP: 6/17
  7779 | D:9      | Found a staircase to the Lair.
  7881 | D:9      | Found a runed translucent gate.
  7881 | D:9      | Found a runed translucent gate.
  7881 | D:9      | Found a runed translucent gate.
  7984 | D:9      | Noticed safid's ghost (journeyman MfIE)
  8162 | D:4      | Bought a scroll of blinking for 90 gold pieces
  8290 | D:9      | Found a radiant altar of Vehumet.
  8318 | D:9      | Became a worshipper of Vehumet
  8475 | D:9      | Identified the +8 sling "Myre" {flame, rC- rCorr Dex+4
                  | Stlth+}
  8537 | D:9      | Noticed Grum
  8545 | D:9      | Killed Grum
  8731 | D:10     | Entered Level 10 of the Dungeon
  8774 | D:10     | Found a runed translucent gate.
  8775 | D:10     | Found a runed translucent gate.
  8778 | D:10     | Found a runed translucent gate.
  8778 | D:10     | Noticed Ironcache's ghost (journeyman TrMo)
  8779 | D:10     | Noticed Psyclone's ghost (journeyman OpVM)
  8779 | D:10     | Noticed ShellytheWitch's ghost (novice MiFi)
  8907 | D:10     | Reached * piety under Vehumet
  8907 | D:10     | Offered knowledge of Kiss of Death by Vehumet.
  8920 | D:10     | Reached skill level 5 in Dodging
  8920 | D:10     | Reached skill level 13 in Earth Magic
  9135 | D:10     | Found Defairoc's Assorted Antiques.
  9158 | D:10     | Found a staircase to the Orcish Mines.
  9181 | D:10     | Reached skill level 1 in Evocations
  9195 | D:10     | HP: 2/62 [troll zombie (5)]
  9346 | D:10     | Reached ** piety under Vehumet
  9346 | D:10     | Offered knowledge of Freeze by Vehumet.
  9440 | D:10     | Bought a scroll labelled UDGHOKLANYO for 22 gold pieces
  9603 | D:10     | Identified the staff of earth "Aduits Zecsi" {Stlth+}
  9626 | D:10     | Found a blossoming altar of Fedhas.
  9777 | D:10     | Reached skill level 5 in Fighting
  9902 | D:11     | Noticed a two-headed ogre
  9911 | D:11     | Killed a two-headed ogre
  9912 | D:11     | Reached XP level 12. HP: 45/68 MP: 2/18
 10007 | Lair:1   | Entered Level 1 of the Lair of Beasts
 10010 | Lair:1   | Offered knowledge of Inner Flame by Vehumet.
 10598 | Lair:1   | Noticed Urug
 10603 | Lair:1   | Killed Urug
 10622 | Lair:1   | Reached *** piety under Vehumet
 10832 | Lair:2   | Identified the +4 dire flail of Superiority {freeze, rF+
                  | rCorr Int+2}
 11114 | Lair:2   | Noticed a six-headed hydra
 11115 | Lair:2   | Noticed a catoblepas
 11123 | Lair:2   | Killed a six-headed hydra
 11124 | Lair:2   | Reached skill level 5 in Spellcasting
 11297 | D:9      | Killed safid's ghost
 11298 | D:9      | Reached skill level 5 in Evocations
 11421 | D:11     | Noticed a two-headed ogre
 11479 | D:11     | Killed a two-headed ogre
 11480 | D:11     | Reached skill level 1 in Staves
 11664 | D:11     | Reached skill level 1 in Throwing
 11744 | D:11     | Offered knowledge of Hailstorm by Vehumet.
 11760 | D:11     | Learned a level 3 spell: Hailstorm
 11826 | D:11     | Reached XP level 13. HP: 64/76 MP: 12/20
 11889 | D:11     | Gained mutation: You sometimes lose your temper in combat.
                  | [a neqoxec]
 11891 | D:11     | Reached skill level 1 in Ice Magic
 12434 | D:12     | Noticed Nergalle
 12440 | D:12     | Killed Nergalle
 12471 | D:12     | Found a runed translucent gate.
 12471 | D:12     | Found a runed translucent gate.
 12632 | D:12     | Found a runed translucent gate.
 12633 | D:12     | Noticed Roubeug's ghost (journeyman FeBe)
 12659 | D:12     | Noticed a quicksilver ooze
 12660 | D:12     | Noticed an acid blob
 12661 | D:12     | Noticed an azure jelly
 12661 | D:12     | Noticed an azure jelly
 12661 | D:12     | Noticed an azure jelly
 12661 | D:12     | Noticed an acid blob
 12661 | D:12     | Noticed an acid blob
 12662 | D:12     | Noticed an acid blob
 12663 | D:12     | Found a viscous altar of Jiyva.
 12879 | D:12     | Learned a level 2 spell: Passwall
 13092 | D:12     | Reached **** piety under Vehumet
 13098 | D:12     | Offered knowledge of Fulminant Prism by Vehumet.
 13117 | D:12     | Learned a level 4 spell: Fulminant Prism
 13236 | D:12     | Found an ornate altar of the Wu Jian Council.
 13625 | Lair:2   | Reached skill level 1 in Hexes
 14994 | Lair:3   | Found a hole to the Spider Nest.
 15422 | Lair:3   | Mangled by an elephant

Illustrated notes

Levels and vault maps discovered:
D:1:      minmay_arrival_hallway, layout_rooms
D:2:      layout_rooms, hellmonk_ecumenical_altar_run_dry, basic_altar
D:3:      minmay_goblin_kobold_castle, layout_basic, mainiacjoe_overflow_paths,
          gup_sewer_entry_spiral, serial_shops, nicolae_shop_industrial_runoff,
          st_stairs_3, uniq_jessica
D:4:      layout_basic, nemelex_spade_bored_becter,
          mainiacjoe_overflow_boulevard, temple_hall, serial_shops,
          nicolae_shop_window_shopping, nicolae_shop_hallway_stairs,
          nicolae_shop_advertising_works [nicolae_subvault_shop_adworks], shop,
          grunt_ministairs_8, uniq_blork_the_orc
D:5:      kennysheep_windowed_halls, layout_gridville,
          mainiacjoe_overflow_tiny_flanked, cheibrodos_ashenzari_chains,
          gammafunk_ghost_abyssal_escape
D:6:      layout_gridville, minivault_25, uniq_pikel
D:7:      layout_cave_pods, minmay_crossroads
D:8:      layout_loops_ring, grunt_qazlal_clouds, tso_altar,
          gammafunk_ghost_cemetery, minmay_misc_feat_pillars, roderic_batcave,
          uniq_joseph
D:9:      layout_rooms, general_overflow_altar, lair_entry_dummy,
          ebering_ghost_rock_garden, hex_medium, uniq_grum
D:10:     layout_cave_pools, mainiacjoe_overflow_six_doors_small,
          zombieorc2_lemuel, serial_ice, serial_ice_d, serial_ice_n,
          serial_ice_o, serial_ice_m, serial_ice_f, serial_ice_j,
          gammafunk_ghost_cemetery, serial_shops, nicolae_shop_trees,
          minivault_25_ag
D:11:     layout_loops_ring, david_greed
D:12:     layout_basic, gammafunk_ghost_ooze, special_room [special_room_orc],
          serial_glass, glass_columns_c, glass_columns_c,
          minmay_strange_pillars, feat_on_display, minmay_strange_pillars,
          due_unseen_surprise, pdpol_wu_jian_five_deadly_venoms, uniq_nergalle
Temple:   nicolae_temple_ecumenical_triangle
Lair:1:   wander_river, layout_chaotic_city, minmay_holes, uniq_urug
Lair:2:   layout_layer_cave, nzn_random_ring
Lair:3:   layout_gridlike, minmay_shoals_entry_lonely_mermaid,
          spider_nest_entry_rubble, cheibrodos_lair_lostbears

Skill      XL: |  1  2  3  4  5  6  7  8  9 10 11 12 13 |
---------------+----------------------------------------+-----
Earth Magic    | 4 5 6 7 9 11 12 13 | 13.0
Stealth        | 3 4 |  4.0
Dodging        | 2 3 4 5 7 8 |  8.1
Maces & Flails | 1 2 3 4 6 7 8 |  8.0
Armour         | 2 3 4 5 6 7 8 |  8.3
Spellcasting   | 3 4 5 6 |  6.5
Conjurations   | 1 2 4 5 6 8 9 |  9.1
Fighting       | 1 2 3 5 7 |  7.9
Transmutations | 1 |  1.0
Evocations     | 2 5 |  5.2
Staves         | 1 |  1.5
Throwing       | 1 2 |  2.3
Ice Magic      | 2 |  2.1
Hexes          | 2 |  2.6

Action                     |  1- 3 |  4- 6 |  7- 9 | 10-12 | 13-15 || total
---------------------------+-------+-------+-------+-------+-------++-------
  Melee: Unarmed           |     3 |       |       |       |       ||     3
         Whip              |    19 |       |       |       |       ||    19
         Short sword       |     1 |       |       |       |       ||     1
         Flail             |     9 |    40 |   127 |    43 |       ||   219
         Punch             |       |     1 |     1 |       |     1 ||     3
         Great mace        |       |       |       |   188 |       ||   188
         Staff             |       |       |       |     6 |    16 ||    22
         Dire flail        |       |       |       |     3 |    25 ||    28
  Throw: Dart              |       |       |     2 |    10 |     3 ||    15
   Cast: Sandblast         |    48 |    35 |   112 |   174 |    84 ||   453
         Stone Arrow       |       |     2 |    36 |   193 |   104 ||   335
         Hailstorm         |       |       |       |       |    12 ||    12
         Fulminant Prism   |       |       |       |       |     5 ||     5
         Passwall          |       |       |       |       |     2 ||     2
  Evoke: Wand              |       |       |     1 |     1 |     5 ||     7
         Box of beasts     |       |       |       |     1 |     1 ||     2
    Use: Scroll            |       |       |       |    22 |     3 ||    25
         Potion            |       |       |       |     2 |     1 ||     3
   Stab: Sleeping          |       |       |     2 |     1 |     2 ||     5
 Armour: Robe              |     5 |       |       |       |       ||     5
         Ring mail         |     7 |    20 |       |       |       ||    27
         Troll leather arm |       |    10 |   156 |   328 |       ||   494
         Acid dragon scale |       |       |       |     7 |   155 ||   162
  Dodge: Dodged            |    39 |    57 |   196 |   365 |   178 ||   835
